 Dungeon Crawl Stone Soup version 0.19.1 (webtiles) character file.

51 Patate the Sneak (level 3, -1/24 HPs)
             Began as a Spriggan Enchanter on Dec 21, 2016.
             Slain by an adder (3 damage)
             ... on level 1 of the Dungeon.
             The game lasted 00:07:13 (2245 turns).

Patate the Sneak (Spriggan Enchanter)               Turns: 2245, Time: 00:07:13

Health: -1/24      AC:  3    Str: 10    XL:     3   Next: 57%
Magic:  8/8        EV: 20    Int: 16    God:
Gold:   27         SH:  0    Dex: 16    Spells: 2 memorised, 4 levels left

rFire  . . .     SeeInvis +     a - +1 dagger
rCold  . . .     Gourm    .     b - +1 robe
rNeg   . . .     Faith    .     (shield restricted)
rPois  .         Spirit   .     (helmet restricted)
rElec  .         Reflect  .     (no cloak)
rCorr  .         Harm     .     (gloves unavailable)
MR     .....                    (boots unavailable)
Stlth  ..........               (no amulet)
                                (no ring)
                                (no ring)

@: berserking, lethally poisoned (-1 -> -8), very quick
A: unfitting armour, see invisible, herbivore 3, speed 3, slow metabolism 2
a: no special abilities


You were on level 1 of the Dungeon.
You were not hungry.

You visited 1 branch of the dungeon, and saw 1 of its levels.

You collected 27 gold pieces.

Inventory:

Hand Weapons
 a - a +1 dagger (weapon)
Armour
 b - a +1 robe (worn)
Scrolls
 e - 2 scrolls of identify {unknown}
Books
 c - a book of Maledictions

   Spells                             Type                      Level
   a - Corona                         Hexes                        1
   b - Ensorcelled Hibernation        Hexes/Ice                    2
   c - Confuse                        Hexes                        3
   d - Tukima's Dance                 Hexes                        3
   e - Dazzling Spray                 Conjuration/Hexes            3
Comestibles
 d - a bread ration


   Skills:
 + Level 1.5 Short Blades
 + Level 4.4 Dodging
 * Level 5.8 Stealth
 - Level 2.6 Spellcasting
 - Level 3.6 Hexes


You had 4 spell levels left.
You knew the following spells:

 Your Spells              Type           Power        Failure   Level  Hunger
a - Corona                Hex            ##.....      6%          1    #......
b - Ensorcelled Hibernat  Hex/Ice        #.....       17%         2    ##.....


Dungeon Overview and Level Annotations

Branches:
Dungeon (1/15)

Altars:


Innate Abilities, Weirdness & Mutations

You are very small and have problems with some larger weapons.
You are too small for most types of armour.
You have supernaturally acute eyesight. (SInv)
You are a herbivore.
You cover ground extremely quickly.
You need consume almost no food.


Message History

The adder poisons you!
You hit the adder.
The adder is almost dead.
The adder completely misses you. The adder misses you.
You miss the adder.
The adder is almost dead.
You feel sick. The adder bites you.
* * * LOW HITPOINT WARNING * * *
You hit the adder.
The adder is almost dead.
* * * LOW HITPOINT WARNING * * *
You feel sick. The adder completely misses you.
It was a potion of cancellation.
You feel magically purged. The adder closely misses you.
It was a potion of berserk rage.
A red film seems to cover your vision as you go berserk!
You feel yourself moving faster!
You feel mighty!
* * * LOW HITPOINT WARNING * * *
You feel sick. The adder closely misses you. The adder bites you.
You die...

.###.# #...#........# .#
#.# #.#.#........## .#
#.
#...#)........########
.#
#####.................
.# #.........######## .#
#.......#.# ##
#.#####.#.# #####S###
#.#.# #....@..# #.#.# ##
#.......# #.#.# ######
.### #.......# #...#
#..... ...# #####.###
##### #.#### ...#
#.######## #.##.. %.###
##........####.##.#
.##>#
#..............(.(.
.#.≈#
####...%......####.#.#
##.≈#
###....................#


You could see an adder.

Vanquished Creatures
  A dart slug (D:1)
  2 leopard geckos (D:1)
  4 bats (D:1)
  2 giant cockroaches (D:1)
  6 goblins (D:1)
  5 hobgoblins (D:1)
  6 jackals (D:1)
  5 kobolds (D:1)
  7 frilled lizards (D:1)
  2 rats (D:1)
40 creatures vanquished.

Notes
Turn   | Place    | Note
-------+----------+-------------------------------------------
     0 | D:1      | Patate the Spriggan Enchanter began the quest for the Orb.
     0 | D:1      | Reached XP level 1. HP: 9/9 MP: 5/5
   671 | D:1      | Reached XP level 2. HP: 5/13 MP: 6/6
   973 | D:1      | Learned a level 2 spell: Ensorcelled Hibernation
  1086 | D:1      | Reached skill level 5 in Stealth
  1396 | D:1      | Reached XP level 3. HP: 7/16 MP: 8/8
  2245 | D:1      | Slain by an adder

Skill      XL: |  1  2 |
---------------+-------+-----
Stealth        | 5 |  5.8
Dodging        | 4 |  4.4
Short Blades   | |  1.5
Spellcasting   | |  2.6
Hexes          | |  3.6

Action                   || total
-------------------------++-------
Melee: Dagger            ||   232
 Cast: Corona            ||     6
       Ensorcelled Hiber ||     5
  Use: Scroll            ||     1
       Potion            ||     3
 Stab: Sleeping          ||     7
       Distracted        ||     1
       Invisible         ||     1
Armor: Robe              ||    33
Dodge: Dodged            ||   240
